 Dungeon Crawl Stone Soup version 0.28-a0-79-g444c7a33f5 (webtiles) character file.

Game seed: 12816123021909736345

15463 mcsnuffy the Thaumaturge (level 12, 8/73 HPs)
             Began as a Deep Elf Conjurer on Aug 2, 2021.
             Was an Elder of Vehumet.
             Quit the game in a Gauntlet.
             The game lasted 01:13:19 (13902 turns).

mcsnuffy the Thaumaturge (Deep Elf Conjurer)       Turns: 13902, Time: 01:13:19

Health: 8/73       AC: 11    Str:  8    XL:     12   Next: 1%
Magic:  11/28      EV: 19    Int: 31    God:    Vehumet [****..]
Gold:   630        SH:  0    Dex: 13    Spells: 8/31 levels left

rFire   . . .      SeeInvis .   s - +5 quarterstaff of Okawaru's Respect {elec, Str+3}
rCold   . . .      Faith    .   (shield currently unavailable)
rNeg    . . .      Spirit   .   t - +3 leather armour {Will+}
rPois   +          Reflect  .   G - +1 hat "Ivousaux" {Rampage rElec Int+3}
rElec   +          Harm     .   B - +2 cloak
rCorr   +          Rampage  +   (no gloves)
Will    +++..      NoTele   +   X - +2 pair of boots {Stlth+}
Stlth   ++++......              i - amulet of the acrobat
HPRegen 0.22/turn               R - ring of resist corrosion
MPRegen 0.21/turn               E - +4 ring of evasion

@: very slightly contaminated, slowed, very slow
A: deformed body, strong-willed 1, poison resistance
a: Renounce Religion


You were in a Gauntlet.
You worshipped Vehumet.
Vehumet was greatly pleased with you.
You visited 2 branches of the dungeon, and saw 13 of its levels.
You also visited: Gauntlet.

You collected 630 gold pieces.


Innate Abilities, Weirdness & Mutations

Armour fits poorly on your strangely shaped body.
You are strong-willed. (Will+)
Your system is resistant to poisons. (rPois)


   Skills:
 - Level 8.1 Fighting
 + Level 7.6 Staves
 - Level 10.0 Dodging
 - Level 7.0 Stealth
 - Level 10.0 Spellcasting
 - Level 8.0 Conjurations
 - Level 10.0 Hexes


You had 8 spell levels left.
You knew the following spells:

 Your Spells              Type           Power      Damage    Failure   Level
c - Mephitic Cloud        Conj/Pois/Air  32%        N/A       1%          3
d - Dazzling Flash        Conj/Hex       100%       N/A       1%          3
f - Fulminant Prism       Conj/Hex       31%        3d16      1%          4
i - Invisibility          Hex            33%        N/A       12%         6
m - Magic Dart            Conj           100%       1d8       1%          1
s - Searing Ray           Conj           100%       3d7       1%          2
y - Sticky Flame          Conj/Fire      40%        2d6       2%          4

Your spell library contained the following spells:

 Spells                   Type           Power      Damage    Failure   Level
 Hailstorm                Conj/Ice       40%        3d10      2%          4
 Conjure Flame            Conj/Fire      40%        6-21      1%          3
 Iskenderun's Mystic Bla  Conj/Tloc      40%        2d9       2%          4
 Beastly Appendage        Tmut           30%        N/A       4%          1
 Ignite Poison            Fire/Tmut/Pois 15%        N/A       4%          3
 Passwall                 Tmut/Erth      12%        N/A       7%          2
 Wereblood                Tmut           15%        N/A       7%          2
 Gell's Gravitas          Tloc           7%         N/A       14%         3
 Lesser Beckoning         Tloc           7%         N/A       14%         3
 Ozocubu's Armour         Ice            15%        N/A       14%         3
 Spider Form              Tmut/Pois      7%         N/A       14%         3
 Swiftness                Air            15%        N/A       14%         3
 Teleport Other           Tloc           15%        N/A       14%         3
 Ozocubu's Refrigeration  Ice            7%         4d6       100%        7

Inventory:

Hand Weapons
 h - a +0 spear
 p - a +0 rapier of venom
 s - the +5 quarterstaff of Okawaru's Respect (weapon) {elec, Str+3}
   (You found it on level 4 of the Dungeon)

   It occasionally discharges a powerful burst of electricity upon striking a
   foe.
   Str:       It affects your strength (+3).
 Q - a +0 dagger
Missiles
 y - a curare-tipped dart {=f}
 S - a throwing net {=f}
Armour
 a - a +0 robe
 d - a +0 cloak
 m - a +1 robe of cold resistance
 t - a +3 leather armour of willpower (worn)
 B - a +2 cloak (worn)
 G - the +1 hat "Ivousaux" (worn) {Rampage rElec Int+3}
   (You acquired it on level 8 of the Dungeon)

   Int:       It affects your intelligence (+3).
   rElec:     It insulates you from electricity.
   Rampage:   It bestows one free step when moving towards enemies.
 U - a scarf of shadows
 X - a +2 pair of boots of stealth (worn)
Jewellery
 e - a +4 ring of evasion
 i - an amulet of the acrobat (around neck)
 E - a +4 ring of evasion (right hand)
 N - an amulet of faith {!P}
 R - a ring of resist corrosion (left hand)
 Y - the ring of the Mackerel {Will+ Str+2 Dex+2}
   (You found it in a Gauntlet)

   [ring of willpower]

   Str:       It affects your strength (+2).
   Dex:       It affects your dexterity (+2).
   Will:      It increases your willpower.
Wands
 w - a wand of polymorph (11)
 D - a wand of charming (14)
 H - a wand of paralysis (16)
 K - a wand of flame (3)
 M - a wand of iceblast (15)
 V - a wand of mindburst (13)
Scrolls
 b - 3 scrolls of immolation
 c - 7 scrolls of enchant weapon
 g - a scroll of acquirement
 k - 2 scrolls of noise
 l - a scroll of identify {@r1}
 n - a scroll of fear
 o - 2 scrolls of vulnerability
 q - 7 scrolls of teleportation {@r2}
 v - 4 scrolls of amnesia
 z - 2 scrolls of silence {!r}
 J - 4 scrolls of enchant armour
Potions
 f - a potion of degeneration {unknown}
 j - a potion of resistance
 r - 2 potions of lignification
 u - 2 potions of mutation
 x - 2 potions of flight {unknown}
 A - 2 potions of brilliance
 C - a potion of magic {unknown}
 F - a potion of cancellation
 I - 2 potions of berserk rage {!q}
 L - 2 potions of curing {@q1}
 T - a potion of ambrosia {unknown}
 W - a potion of attraction {unknown}

Dungeon Overview and Level Annotations

Branches:
Dungeon (11/15)            Temple (0/1) D:7            Lair (2/6) D:9
    Orc (0/2) D:10        Gauntlet (1/1)
  Swamp: Lair:2-4    Shoals: Lair:2-4     Snake: Lair:2-4    Spider: Lair:2-4

Altars:
Kikubaaqudgha
Ru
Trog
Uskayaw
Vehumet
Zin

Annotations:
D:8 3 runed translucent doors, DemonSlayer's ghost, novice HuBe; Sobieck's ghost, novice DECj
Lair:1 2 transporters, CowFu's ghost, journeyman MiFi Gauntlet 10 transporters

.......▒...▒.........▒..▒▒▒
▒▒.▒▒..▒...▒.▓▓...▓▓.▒....▒
..▒..▒!▒...▒.▓.▓.▓.▓.▒....▒▒▒
..▒..▒|▒...▒$.▓▓.▓▓..▒▒▒..▒8▒
▒▒▒▒▒.©▒...▒©.▒.©.▒..▒§▒..▒▒▒
.©▒..▒[▒...▒).▓▓.▓▓..▒.▒..▒
..▒..▒.▒...▒.▓h▓.▓.▓.▒.▒..▒▒▒
▒▒.▒▒..▒...▒.▓▓2..▓▓.▒.▒..▒8▒
.......▒...▒....@....▒.▒..▒▒▒▒▒▒▒
▒▒▒▒▒▒▒▒...▒▒▒▒▒▒▒▒▒▒▒.▒........▒
.........§...........▒.▒........▒
▒▒▒▒....≈8≈....▒▒▒▒▒▒▒.▒▒▒▒▒▒▒...
..©▒.....≈.....▒©...........©▒...
▒▒▒▒▒▒▒▒...▒▒▒▒▒▒▒▒▒▒▒▒▒▒▒▒▒▒▒▒▒▒
($©.[..▒...▒▒©▒▒25..^▒≈▒.§..©.≈.)
. ..^▓.▒...▒.▒▒.▒▒▒^.▒≈▒§§.≈..§≈.
.▓▓.▒...▒.▒.▒▒.▒▒.▒≈▒..§...≈≈.


You could see a hell beast, a blizzard demon, a hell hound (catching breath) and
a white imp.


Message History

Press: ? - help, v - describe, . - travel
Here: a hell beast (lightly wounded)
The floor, spattered with blood.
Blink to where?
Press: ? - help, Dir - move target, p - hell beast
As you read the scroll of blinking, it crumbles to dust.
Okay, then.
Okay, then.
Casting: Invisibility (quite dangerous; 12% risk of failure)
Confirm with . or Enter, or press ? or * to list all spells.
Okay, then.
Casting: Invisibility (quite dangerous; 12% risk of failure)
Confirm with . or Enter, or press ? or * to list all spells.
The hell hound breathes flames at you. The blast of flame hits you!
* * * LOW HITPOINT WARNING * * *
The hell hound closely misses you.
Press: ? - help, v - describe, . - travel
Here: a hell beast (lightly wounded)
The floor.
Okay, then.
Press: ? - help, v - describe, . - travel The floor.
You can't see any enemies this would affect, really read the scroll of fear?
Okay, then.
Unknown command.
It was a potion of curing.
You feel better.
The hell beast bites you but does no damage.
The hell beast misses you.
Are you sure you want to abandon this character and quit the game? (Confirm with "yes".)

Skill      XL: |  1  2  3  4  5  6  7  8  9 10 11 |
---------------+----------------------------------+-----
Conjurations   | 5 6 8 |  8.0
Stealth        | 3 4 5 7 |  7.0
Dodging        | 3 4 5 7 8 10 | 10.0
Fighting       | 2 4 6 7 8 |  8.1
Spellcasting   | 4 5 7 10 | 10.0
Staves         | 2 3 7 |  7.6
Hexes          | 4 7 9 10 | 10.0

Action                   |  1- 3 |  4- 6 |  7- 9 | 10-12 || total
-------------------------+-------+-------+-------+-------++-------
Melee: Dagger            |     2 |       |       |       ||     2
       Rapier            |       |     6 |       |       ||     6
       Quarterstaff      |       |       |    18 |    54 ||    72
 Cast: Magic Dart        |    77 |   106 |   123 |   104 ||   410
       Searing Ray       |       |     6 |    34 |    61 ||   101
       Fulminant Prism   |       |       |    13 |    19 ||    32
       Dazzling Flash    |       |       |       |     1 ||     1
Evoke: Wand              |       |       |     1 |       ||     1
  Use: Scroll            |       |     6 |     2 |    13 ||    21
       Potion            |       |       |     3 |     2 ||     5
Armor: Robe              |     3 |     4 |       |       ||     7
       Leather armour    |       |       |    28 |    23 ||    51
Dodge: Dodged            |     6 |    32 |   115 |   196 ||   349

Levels and vault maps discovered:
D:1:      tarquinn_simple_flora_water_e, layout_loops_cross,
          shapermc_ecumenical_altar_starsandcircs, kennysheep_boxes
D:2:      layout_loops_ring
D:3:      layout_basic, ebering_ghost_disaster_area, bh_walls_and_bars
D:4:      layout_gridville, lemuel_tele_altar, tgw_trog, kennysheep_small_circle
D:5:      layout_basic, zin_statuary, uniq_eustachio
D:6:      layout_rooms, nicolae_ru_path_of_blood, mainiacjoe_overflow_boulevard,
          hellmonk_ghost_happy_afterlife, st_stairs_9, grunt_decor_fettered,
          chequers_serial_rivers_small_b, minivault_19, uniq_grinder
D:7:      layout_cave_pools, nicolae_uskayaw_murder_on_the_dancefloor,
          minmay_temple_entry_trees, uniq_duvessa, uniq_crazy_yiuf_cottage
D:8:      layout_rooms, gammafunk_ghost_cemetery, minmay_joined_circles,
          uniq_maurice
D:9:      layout_basic, minmay_lair_entry_grove, minmay_misc_feat_secret_circle
D:10:     layout_basic, david_orc_1_choice
D:11:     layout_basic
Lair:1:   layout_big_grid, gammafunk_ghost_abyssal_escape,
          cheibrodos_lair_caveside_slide, small_statue_intersection,
          beast_lair_carwin_6
Lair:2:   layout_hall_layers, gauntlet_entry_generic
Gauntlet: gammafunk_gauntlet_branching [nicolae_gauntlet_arena_grate_2,
          nicolae_gauntlet_arena_x, nicolae_gauntlet_arena_flowing_pool,
          gammafunk_gauntlet_arena_spirals, gammafunk_gauntlet_arena_split_x,
          gammafunk_gauntlet_arena_open, gammafunk_gauntlet_arena_corners,
          nicolae_gauntlet_arena_quarters, gauntlet_exit_watery]

Notes
Turn   | Place    | Note
-------+----------+-------------------------------------------
     0 | D:1      | mcsnuffy the Deep Elf Conjurer began the quest for the Orb.
     0 | D:1      | Reached XP level 1. HP: 10/10 MP: 6/6
   304 | D:1      | Found a faded altar of an unknown god.
   332 | D:1      | Reached skill level 5 in Conjurations
   332 | D:1      | Reached XP level 2. HP: 15/15 MP: 0/8
   414 | D:1      | Reached skill level 3 in Stealth
   607 | D:1      | Reached skill level 3 in Dodging
   730 | D:1      | Reached XP level 3. HP: 18/19 MP: 3/9
  1522 | D:2      | Reached skill level 4 in Dodging
  2170 | D:3      | Reached XP level 4. HP: 24/24 MP: 7/10
  2249 | D:4      | Reached skill level 1 in Fighting
  2262 | D:4      | Found a bloodstained altar of Trog.
  2266 | D:4      | Noticed an ogre
  2336 | D:4      | Noticed a black bear
  2358 | D:4      | Killed an ogre
  2359 | D:4      | Reached skill level 2 in Fighting
  2359 | D:4      | Reached skill level 4 in Spellcasting
  2359 | D:4      | Reached XP level 5. HP: 17/30 MP: 10/13
  2494 | D:4      | Learned a level 2 spell: Searing Ray
  2499 | D:4      | Learned a level 4 spell: Fulminant Prism
  2771 | D:3      | Reached skill level 5 in Spellcasting
  2879 | D:3      | Found a large runed translucent door.
  2880 | D:3      | Found a large runed translucent door.
  2882 | D:3      | Noticed Zonian's ghost (weakling GnCj)
  3389 | D:3      | Reached skill level 5 in Dodging
  3389 | D:3      | Reached XP level 6. HP: 22/35 MP: 4/15
  3673 | D:3      | Killed Zonian's ghost
  3873 | D:4      | Noticed a moth of wrath
  3876 | D:4      | Found a bloodstained altar of Trog.
  3968 | D:4      | Identified the +5 quarterstaff of Okawaru's Respect {elec,
                  | Str+3}
  4200 | D:4      | Found a radiant altar of Vehumet.
  4240 | D:4      | Became a worshipper of Vehumet
  4458 | D:5      | Entered Level 5 of the Dungeon
  4458 | D:5      | Noticed a water moccasin
  4675 | D:5      | Identified a potion of resistance
  4723 | D:5      | Reached skill level 1 in Staves
  4723 | D:5      | Reached skill level 4 in Stealth
  4795 | D:5      | Killed a water moccasin
  4796 | D:5      | Reached skill level 2 in Staves
  4796 | D:5      | Reached XP level 7. HP: 40/40 MP: 8/16
  4907 | D:5      | Reached skill level 5 in Stealth
  5224 | D:6      | Reached skill level 3 in Fighting
  5237 | D:6      | Reached skill level 3 in Staves
  5320 | D:6      | Noticed Nausicaa's ghost (amateur TrDe)
  5321 | D:6      | Found a runed translucent door.
  5350 | D:6      | Reached skill level 4 in Fighting
  5549 | D:6      | Reached XP level 8. HP: 48/48 MP: 13/17
  5560 | D:6      | Reached skill level 5 in Fighting
  5687 | D:6      | Reached * piety under Vehumet
  5687 | D:6      | Offered knowledge of Shock by Vehumet.
  5702 | D:6      | Killed Nausicaa's ghost
  5703 | D:6      | Reached skill level 6 in Fighting
  5703 | D:6      | Reached skill level 1 in Hexes
  5793 | D:6      | Found an ancient bone altar of Kikubaaqudgha.
  5798 | D:6      | Reached skill level 2 in Hexes
  5879 | D:6      | Reached skill level 3 in Hexes
  6026 | D:6      | Noticed Grinder
  6052 | D:6      | Learned a level 4 spell: Sticky Flame
  6129 | D:6      | Killed Grinder
  6130 | D:6      | Reached skill level 6 in Conjurations
  6130 | D:6      | Reached skill level 4 in Hexes
  6261 | D:6      | Found a sacrificial altar of Ru.
  6457 | D:5      | Reached skill level 6 in Spellcasting
  6580 | D:5      | Noticed Eustachio
  6588 | D:5      | Killed Eustachio
  6589 | D:5      | Reached skill level 7 in Spellcasting
  6589 | D:5      | Reached XP level 9. HP: 47/55 MP: 13/21
  6651 | D:5      | Found a glowing silver altar of Zin.
  6776 | D:7      | Found a staircase to the Ecumenical Temple.
  6854 | D:7      | Found a hide-covered altar of Uskayaw.
  6893 | D:7      | Reached skill level 6 in Dodging
  6976 | D:7      | Noticed Duvessa
  6984 | D:7      | Noticed Dowan
  6986 | D:7      | Killed Duvessa
  7059 | D:7      | Found a runed translucent door.
  7060 | D:7      | Noticed Crazy Yiuf
  7065 | D:7      | Killed Crazy Yiuf
  7103 | D:7      | Reached skill level 7 in Conjurations
  7689 | D:7      | Offered knowledge of Sandblast by Vehumet.
  7700 | D:7      | Reached ** piety under Vehumet
  7710 | D:7      | Reached skill level 5 in Hexes
  7768 | D:8      | Noticed Maurice
  7959 | D:8      | Killed Maurice
  7960 | D:8      | Reached skill level 8 in Conjurations
  7960 | D:8      | Reached skill level 7 in Hexes
  8079 | D:7      | Killed Dowan
  8170 | D:8      | Noticed a centaur warrior
  8184 | D:7      | Gained mutation: You sometimes lose the ability to read
                  | scrolls when taking damage. [potion of mutation]
  8184 | D:7      | Gained mutation: You are partially covered in iridescent
                  | scales. (AC +2) [potion of mutation]
  8185 | D:7      | Lost mutation: You are partially covered in iridescent
                  | scales. (AC +2) [potion of mutation]
  8185 | D:7      | Lost mutation: You sometimes lose the ability to read
                  | scrolls when taking damage. [potion of mutation]
  8185 | D:7      | Gained mutation: Armour fits poorly on your strangely
                  | shaped body. [potion of mutation]
  8185 | D:7      | Gained mutation: You are strong-willed. (Will+) [potion of
                  | mutation]
  8185 | D:7      | Gained mutation: Your system is resistant to poisons.
                  | (rPois) [potion of mutation]
  8250 | D:8      | Found a runed translucent gate.
  8250 | D:8      | Found a runed translucent gate.
  8250 | D:8      | Found a runed translucent gate.
  8255 | D:8      | Noticed Sobieck's ghost (novice DECj)
  8255 | D:8      | Noticed DemonSlayer's ghost (novice HuBe)
  8410 | D:8      | Killed a centaur warrior
  8411 | D:8      | Reached skill level 7 in Fighting
  8411 | D:8      | Reached skill level 7 in Dodging
  8411 | D:8      | Reached XP level 10. HP: 31/63 MP: 6/22
  8696 | D:8      | Noticed a two-headed ogre
  8703 | D:8      | Noticed a two-headed ogre
  8720 | D:8      | Killed a two-headed ogre
  8721 | D:8      | Reached skill level 8 in Dodging
  8721 | D:8      | Reached skill level 8 in Spellcasting
  8771 | D:8      | Offered knowledge of Mephitic Cloud by Vehumet.
  8772 | D:8      | Reached skill level 9 in Spellcasting
  8776 | D:8      | Learned a level 3 spell: Mephitic Cloud
  8943 | D:8      | Reached *** piety under Vehumet
  8977 | D:8      | Identified 2 scrolls of acquirement
  8981 | D:8      | Acquired the +1 hat "Ivousaux" {Rampage rElec Int+3}
  9490 | D:8      | Killed a two-headed ogre
  9491 | D:8      | Reached skill level 6 in Stealth
  9491 | D:8      | Reached skill level 10 in Spellcasting
  9491 | D:8      | Reached skill level 8 in Hexes
  9621 | D:8      | Reached skill level 7 in Stealth
  9621 | D:8      | Reached skill level 9 in Hexes
  9847 | D:9      | Reached XP level 11. HP: 67/67 MP: 23/27
  9868 | D:9      | Learned a level 6 spell: Invisibility
 10017 | D:9      | Found a staircase to the Lair.
 10037 | D:9      | Offered knowledge of Frozen Ramparts by Vehumet.
 10052 | D:9      | Reached skill level 10 in Hexes
 10136 | D:9      | Reached skill level 9 in Dodging
 10518 | D:9      | Noticed a two-headed ogre
 10532 | D:9      | Killed a two-headed ogre
 10533 | D:9      | Reached skill level 10 in Dodging
 10720 | D:9      | Reached **** piety under Vehumet
 11135 | D:10     | Entered Level 10 of the Dungeon
 11311 | D:10     | Found a staircase to the Orcish Mines.
 11358 | D:10     | Identified the +6 scale mail of Uskayaw {Int+2}
 11443 | D:10     | Offered knowledge of Hailstorm by Vehumet.
 11452 | D:10     | Learned a level 3 spell: Dazzling Flash
 11567 | D:10     | Noticed a two-headed ogre
 11583 | D:10     | Killed a two-headed ogre
 11584 | D:10     | Reached skill level 8 in Fighting
 11611 | D:10     | Noticed a boulder beetle
 12216 | Lair:1   | Entered Level 1 of the Lair of Beasts
 12326 | Lair:1   | Reached skill level 4 in Staves
 12504 | Lair:1   | Found a transporter.
 12504 | Lair:1   | Noticed a spriggan rider
 12504 | Lair:1   | Noticed a hell hog
 12504 | Lair:1   | Noticed a red ugly thing
 12510 | Lair:1   | Noticed a red ugly thing
 12511 | Lair:1   | Noticed CowFu's ghost (journeyman MiFi)
 12531 | Lair:1   | Found a transporter.
 12763 | Lair:1   | Reached skill level 5 in Staves
 12959 | Lair:1   | Reached skill level 6 in Staves
 13339 | Lair:2   | Noticed a five-headed hydra
 13431 | Lair:2   | Killed a five-headed hydra
 13437 | Lair:2   | Found a gate leading to a gauntlet.
 13456 | Gauntlet | Entered a Gauntlet
 13456 | Gauntlet | Found a transporter.
 13456 | Gauntlet | Found a transporter.
 13463 | Gauntlet | Found a transporter.
 13515 | Gauntlet | Found a transporter.
 13518 | Gauntlet | Noticed a thrashing horror
 13519 | Gauntlet | Noticed a thrashing horror
 13529 | Gauntlet | Found a transporter.
 13542 | Gauntlet | Found a transporter.
 13616 | Gauntlet | Found a transporter.
 13632 | Gauntlet | Found a transporter.
 13635 | Gauntlet | Noticed a blizzard demon
 13646 | Gauntlet | Found a transporter.
 13659 | Gauntlet | Found a transporter.
 13661 | Gauntlet | Noticed a hell beast
 13675 | Gauntlet | Found a transporter.
 13729 | Gauntlet | Noticed a five-headed hydra
 13741 | Gauntlet | Noticed an emperor scorpion
 13741 | Gauntlet | a five-headed hydra changed into an emperor scorpion
 13742 | Gauntlet | Found a transporter.
 13750 | Gauntlet | Noticed a minotaur
 13750 | Gauntlet | an emperor scorpion changed into a minotaur
 13752 | Gauntlet | Found a transporter.
 13762 | Gauntlet | Found a transporter.
 13786 | Gauntlet | Found a transporter.
 13800 | Gauntlet | Noticed a death yak
 13834 | Gauntlet | Killed a death yak
 13835 | Gauntlet | Reached skill level 7 in Staves
 13855 | Gauntlet | Reached XP level 12. HP: 63/73 MP: 14/28
 13895 | Gauntlet | Identified the ring of the Mackerel {Will+ Str+2 Dex+2}
 13900 | Gauntlet | HP: 1/73 [hell hound/blast of flame (9)]
 13902 | Gauntlet | Quit the game

Vanquished Creatures
  A hydra (Lair:2)
  A centaur warrior (D:8)
  4 two-headed ogres
  A death yak (shapeshifter) (Gauntlet)
  Maurice (D:8)
  3 cane toads (Lair:1)
  A komodo dragon (Lair:1)
  A hellion (Gauntlet)
  Grinder (D:6)
  7 wyverns
  The ghost of Nausicaa the Ruffian, an amateur TrDe (D:6)
  Eustachio (D:5)
  A wraith (D:10)
  10 yaks
  2 steam dragons
  A warg (D:10)
  A hell hound (Gauntlet)
  Duvessa (D:7)
  10 water moccasins
  10 orc warriors
  3 ogres
  A sky beast (D:6)
  4 necrophages
  5 centaurs
  3 kobold brigands
  4 scorpions
  8 bullfrogs
  Dowan (D:7)
  9 wights
  A bullfrog zombie (D:3)
  A jelly (D:6)
  6 orc priests
  2 centaur zombies
  3 hounds
  Crazy Yiuf (D:7)
  2 iguanas
  12 orc wizards
  3 killer bee zombies
  The ghost of Zonian the Conjurer, a weakling GnCj (D:3)
  A howler monkey skeleton (D:6)
  A gnoll (D:1)
  7 adders
  A shadow imp (D:6)
  An ufetubus (D:6)
  An adder skeleton (D:4)
  3 worms
  4 dart slugs
  29 orcs
  7 ball pythons
  4 endoplasms
  4 giant cockroaches
  2 goblins
  5 hobgoblins
  7 jackals
  21 kobolds
  A quokka (D:2)
  4 bats
  5 frilled lizards
  10 rats
247 creatures vanquished.

Vanquished Creatures (others)
  32 fulminant prisms
  5 fungi
  18 plants
  4 withered plants (D:8)
59 creatures vanquished.

Grand Total: 306 creatures vanquished

Table legend: (Time is in decaauts)
 A = Elapsed time spent in this place.
 B = Non-inter-level travel time spent in this place.
 C = Inter-level travel time spent in this place.
 D = Time resting spent in this place.
 E = Time spent auto-exploring this place.
 F = Levels seen in this place.
 G = Mean time per level.
                   A        B        C        D        E       F      G
               +--------+--------+--------+--------+--------+-----+--------+
         Total |  13968 |  13266 |    702 |   1054 |   8821 |  14 |  997.7 |
       Dungeon |  12281 |  11617 |    664 |   1054 |   7792 |  11 | 1116.5 |
          Lair |   1239 |   1202 |     37 |      0 |    785 |   2 |  619.5 |
      Gauntlet |    447 |    447 |      0 |      0 |    244 |   1 |  447.0 |
               +--------+--------+--------+--------+--------+-----+--------+

Top non-repeatable levels by time:
     D:8: 1662 daAuts
     D:3: 1467 daAuts
     D:7: 1429 daAuts
     D:9: 1425 daAuts
     D:6: 1234 daAuts
     D:4: 1233 daAuts
  Lair:1: 1016 daAuts
    D:10: 982 daAuts
     D:5: 976 daAuts
     D:1: 974 daAuts
     D:2: 873 daAuts
Gauntlet: 447 daAuts
  Lair:2: 223 daAuts
    D:11: 21 daAuts

Table legend:
 A = Non-vault XP
 B = Vault XP
 C = Vault XP percentage of total XP
 D = Non-vault monster count
 E = Vault monster count
 F = Vault count percentage of total count
                 A         B        C        D         E       F
            +---------+---------+-------+---------+---------+-------
      Total |   10946 |   11145 |  50.5 |     179 |      68 |  27.5
            +---------+---------+-------+---------+---------+-------
        D:1 |      46 |       0 |   0.0 |      18 |       0 |   0.0
        D:2 |      37 |       0 |   0.0 |      14 |       0 |   0.0
        D:3 |     135 |      21 |  13.5 |      25 |       1 |   3.8
        D:4 |      73 |     140 |  65.7 |       8 |       7 |  46.7
        D:5 |     758 |     208 |  21.5 |      13 |       1 |   7.1
        D:6 |     672 |     781 |  53.8 |      12 |       6 |  33.3
        D:7 |    1243 |     269 |  17.8 |      26 |       3 |  10.3
        D:8 |    2665 |    3869 |  59.2 |      18 |      18 |  50.0
        D:9 |    1694 |    2180 |  56.3 |      23 |      13 |  36.1
       D:10 |    1439 |     613 |  29.9 |      15 |       9 |  37.5
     Lair:1 |    1108 |    1637 |  59.6 |       5 |       7 |  58.3
     Lair:2 |    1076 |       0 |   0.0 |       2 |       0 |   0.0
   Gauntlet |       0 |    1427 | 100.0 |       0 |       3 | 100.0
            +---------+---------+-------+---------+---------+-------
